 Dungeon Crawl Stone Soup version 0.31.0-12-g77e489cdc1 (webtiles) character file.

Game seed: 5036730760624135966

171 Gumption the Covered (level 5, -8/45 HPs)
             Began as an Armataur Fighter on Feb 27, 2024.
             Killed from afar by Ijyb (15 damage)
             ... with a bolt of dispelling energy
             ... on level 3 of the Dungeon on Feb 28, 2024.
             The game lasted 00:15:27 (2592 turns).

Gumption the Covered (Armataur Fighter)             Turns: 2592, Time: 00:15:28

Health: -8/45      AC: 12    Str: 23    XL:     5   Next: 26%
Magic:  5/5        EV:  7    Int:  9    God:
Gold:   46         SH:  4    Dex:  9    Spells: 4/4 levels left

rFire   . . .        a - +0 flail
rCold   . . .        c - +0 buckler
rNeg    . . .        b - +0 scale mail
rPois   .            o - +2 helmet
rElec   .            p - +1 cloak
rCorr   .            (no gloves)
SInv    .            (no barding)
Will    .....        (no amulet) Stlth
                     (no ring)
HPRegen 0.27/turn    (no ring)
MPRegen 0.09/turn

%: roll
@: no status effects
A: large, deformed body, tough skin 3, armoured tail, roll 1
a: no special abilities


You were on level 3 of the Dungeon.
You visited 1 branch of the dungeon, and saw 3 of its levels.

You collected 76 gold pieces.
You spent 30 gold pieces at shops.

Inventory:

Hand Weapons
 a - a +0 flail (weapon)
Missiles
 f - 6 curare-tipped darts (quivered)
 l - 6 poisoned darts
Armour
 b - a +0 scale mail (worn)
 c - a +0 buckler (worn)
 o - a +2 helmet (worn)
 p - a +1 cloak (worn)
Wands
 e - a wand of digging (4)
Scrolls
 g - 2 scrolls of poison {unknown}
 h - 2 scrolls of identify
 i - a scroll of summoning {unknown}
Potions
 d - a potion of might
 j - 3 potions of haste
 k - 2 potions of cancellation
 m - 2 potions of curing
 n - a potion of brilliance


   Skills:
 + Level 3.4 Fighting
 * Level 3.3 Maces & Flails
 + Level 4.5 Armour
 + Level 4.2 Shields


You had 4 spell levels left.
You didn't know any spells.
Your spell library was empty.

Dungeon Overview and Level Annotations

Branches:
Dungeon (3/15)

Altars:

Shops:
D:2 ?

Annotations:
D:3 Ijyb, Terence


Innate Abilities, Weirdness & Mutations

Armour fits poorly on your strangely shaped body.
You have extremely tough skin. (AC +3)
You have a long armoured tail.
You regenerate magic when rolling toward enemies. (Rampage MPRegen)


Message History

You sock the bat!
You kill the bat!
j - 3 potions of haste (gained 1)
An adder comes into view.
The adder hisses angrily.
You barely miss the adder.
The adder bites you but does no damage. x2
You sock the adder!
Your tail-slap misses the adder.
The adder is almost dead.
The adder bites you but does no damage.
You barely miss the adder.
The adder is almost dead.
You block the adder's attack. The adder barely misses you.
You hit the adder.
You kill the adder!
You see here an adder corpse.
Ijyb the Twisted Goblin comes into view.
She is wielding a +0 club and carrying a wand of quicksilver.
You roll towards Ijyb!
You hit Ijyb.
Ijyb is moderately wounded.
Ijyb zaps a wand.
The bolt of dispelling energy hits you! You block Ijyb's attack.
You hit Ijyb but do no damage.
Ijyb is lightly wounded.
Ijyb hits you with a +0 club.
You hit Ijyb.
Ijyb is moderately wounded.
Ijyb zaps a wand.
The bolt of dispelling energy hits you!
You feel very mighty all of a sudden.
Ijyb zaps a wand.
The bolt of dispelling energy hits you!
Your magical effects are unravelling.
* * * LOW HITPOINT WARNING * * *
You thump Ijyb!
Ijyb is severely wounded.
You feel a little less mighty now. Ijyb hits you but does no damage.
You closely miss Ijyb.
Ijyb is severely wounded.
Ijyb hits you with a +0 club.
* * * LOW HITPOINT WARNING * * *
Ijyb zaps a wand.
The bolt of dispelling energy hits you!
You die...

.#... #.#.## ##
#†#..### #.##...#
#.####.## #.##
#..## #..# ##..#
.# ##.# ##.####.#
#.# #......# #.#
#.@g##... #.#
#..###
#########.####.##
.......).......#
.#########.#####
## #..# ##.# .#
..


You could see Ijyb.

Vanquished Creatures
  Crazy Yiuf (D:2)
  Robin (D:2)
  4 adders
  A ribbon worm (D:3)
  3 dart slugs
  5 orcs
  4 bats
  5 endoplasms
  2 giant cockroaches (D:2)
  20 goblins
  10 hobgoblins
  A quokka (D:1)
  4 ball pythons
  3 frilled lizards
  8 kobolds
  3 rats
75 creatures vanquished.

Notes
Turn   | Place    | Note
-------+----------+-------------------------------------------
     0 | D:1      | Gumption the Armataur Fighter began the quest for the Orb.
     0 | D:1      | Reached XP level 1. HP: 18/18 MP: 1/1
   203 | D:1      | Reached XP level 2. HP: 17/25 MP: 2/2
   558 | D:1      | Reached XP level 3. HP: 30/30 MP: 3/3
  1292 | D:2      | Found Subyta's Distillery.
  1367 | D:2      | Noticed Robin
  1371 | D:2      | Killed Robin
  1372 | D:2      | Reached XP level 4. HP: 38/38 MP: 4/4
  1519 | D:2      | Found Leonk's Magic Scroll Shoppe.
  1524 | D:2      | Bought a scroll of identify for 20 gold pieces
  1524 | D:2      | Bought a scroll of noise for 10 gold pieces
  1840 | D:2      | Found a runed translucent door.
  1841 | D:2      | Noticed Crazy Yiuf
  1885 | D:2      | Found a faded altar of an unknown god.
  2306 | D:2      | Killed Crazy Yiuf
  2307 | D:2      | Reached XP level 5. HP: 45/45 MP: 5/5
  2426 | D:3      | Noticed Terence
  2584 | D:3      | Noticed Ijyb
  2592 | D:3      | Killed from afar by Ijyb

Illustrated notes

Levels and vault maps discovered:
D:1:      roderic_lyre, layout_basic, minmay_misc_feat_hallway,
          minmay_small_reverse_x
D:2:      layout_basic, serial_shops, nicolae_shop_statue_plus, shop,
          shapermc_ecumenical_altar_ellora, grunt_ministairs_6,
          nicolae_the_louvre, uniq_crazy_yiuf_cottage, uniq_robin
D:3:      layout_rooms, okawaru_gym_becter, uniq_terence, uniq_ijyb

Skill      XL: |  1  2  3  4 |
---------------+-------------+-----
Maces & Flails | 2 3 |  3.3
Armour         | 4 |  4.5
Fighting       | 3 |  3.4
Shields        | 4 |  4.2

Action                     |  1- 3 |  4- 6 || total
---------------------------+-------+-------++-------
  Melee: Flail             |   138 |    79 ||   217
         Tailslap          |    13 |     9 ||    22
  Throw: Dart              |       |     1 ||     1
  Evoke: Wand              |       |     1 ||     1
    Use: Potion            |     1 |     1 ||     2
         Scroll            |       |     4 ||     4
 Armour: Scale mail        |   121 |    50 ||   171
  Dodge: Dodged            |    42 |    19 ||    61
  Block: Buckler           |    24 |    15 ||    39
